 Dungeon Crawl Stone Soup version 0.30-a0-364-gf6b3ef1049 (webtiles) character file.

Game seed: 10065876470245918104

11431 Essalna the Zephyrmancer (level 11, -2/71 HPs)
             Began as a Tengu Air Elementalist on Nov 15, 2022.
             Was a Priest of Vehumet.
             Slain by a cane toad (9 damage)
             ... on level 2 of the Lair of Beasts.
             The game lasted 00:32:29 (17185 turns).

Essalna the Zephyrmancer (Tengu Air Elementalist)  Turns: 17185, Time: 00:32:29

Health: -2/71      AC:  7    Str: 10    XL:     11   Next: 77%
Magic:  1/15       EV: 20    Int: 19    God:    Vehumet [***...]
Gold:   1020       SH:  0    Dex: 20    Spells: 4/14 levels left

rFire   + . .      SeeInvis .    b - staff of air
rCold   . . .      Faith    .    (no shield)
rNeg    . . .      Spirit   .    v - +0 steam dragon scales
rPois   .          Reflect  .    (helmet restricted)
rElec   +          Harm     .    o - +0 cloak
rCorr   .          Rampage  .    (no gloves)
Will    .....                    (boots unavailable)
Stlth   ++........               (no amulet)
HPRegen 0.31/turn                r - +6 ring of dexterity
MPRegen 0.14/turn                c - ring of protection from fire

@: flying quickly and evasively, quick
A: beak, talons 3, nimble flight
a: Renounce Religion


You were on level 2 of the Lair of Beasts.
You worshipped Vehumet.
Vehumet was most pleased with you.
You visited 3 branches of the dungeon, and saw 15 of its levels.

You collected 1020 gold pieces.

Inventory:

Missiles
 f - 2 throwing nets
Armour
 a - a +1 robe
 o - a +0 cloak (worn)
 p - a +0 buckler
 v - +0 steam dragon scales (worn)
 y - a +2 robe of willpower
Magical Staves
 b - a staff of air (weapon)
Jewellery
 c - a ring of protection from fire (right hand)
 r - a +6 ring of dexterity (left hand)
Wands
 m - a wand of roots (13)
 t - a wand of digging (5)
 x - a wand of flame (7)
Scrolls
 d - a scroll of teleportation
 h - 18 scrolls of identify
 j - a scroll of enchant armour
 n - 4 scrolls of amnesia
 s - 4 scrolls of magic mapping
 w - a scroll of fear
 z - a scroll of blinking {unknown}
Potions
 e - 2 potions of mutation
 g - 4 potions of heal wounds {unknown}
 i - 3 potions of lignification {unknown}
 k - 4 potions of attraction {unknown}
 l - 4 potions of brilliance {unknown}
 q - 2 potions of degeneration {unknown}
 u - 2 potions of curing


   Skills:
 - Level 9.0 Fighting
 + Level 7.1 Armour
 + Level 7.5 Dodging
 - Level 2.0 Stealth
 + Level 2.3 Spellcasting
 + Level 12.0 Conjurations
 + Level 12.6 Air Magic


You had 4 spell levels left.
You knew the following spells:

 Your Spells              Type           Power      Damage    Failure   Level
a - Shock                 Conj/Air       100%       1d9       1%          1
b - Static Discharge      Conj/Air       100%       2-7/arc   1%          2
c - Airstrike             Air            33%        2d(5-21)  1%          4
d - Swiftness             Air            66%        N/A       1%          3

Your spell library contained the following spells:

 Spells                   Type           Power      Damage    Failure   Level
 Ignite Poison            Fire/Tmut/Pois 2%         N/A       13%         3
 Magic Dart               Conj           100%       1d8       1%          1
 Mephitic Cloud           Conj/Pois/Air  50%        N/A       1%          3
 Vhi's Electric Charge    Tloc/Air       78%        N/A       3%          3
 Flame Wave               Conj/Fire      25%        2d8       4%          4
 Sticky Flame             Conj/Fire      25%        2d5       4%          4
 Inner Flame              Hex/Fire       2%         N/A       13%         3
 Necrotise                Necr           8%         1d4       16%         1
 Sting                    Tmut/Pois      8%         1d3       16%         1
 Call Imp                 Summ           2%         N/A       24%         2
 Portal Projectile        Hex/Tloc       4%         N/A       43%         3
 Tukima's Dance           Hex            2%         N/A       43%         3
 Vampiric Draining        Necr           2%         2d6       43%         3
 Animate Armour           Summ/Erth      4%         N/A       85%         4
 Passage of Golubria      Tloc           2%         N/A       85%         4
 Petrify                  Tmut/Erth      2%         N/A       85%         4
 Arcjolt                  Conj/Air       32%        1d42      1%          5
 Lightning Bolt           Conj/Air       32%        1d50      1%          5
 Iron Shot                Conj/Erth      12%        9d3       45%         6
 Yara's Violent Unravell  Hex/Tmut       1%         3d3       71%         5
 Agony                    Necr           2%         N/A       99%         5
 Blade Hands              Tmut           1%         N/A       99%         5
 Metabolic Englaciation   Hex/Ice        1%         N/A       99%         5
 Statue Form              Tmut/Erth      1%         N/A       100%        6
 Fire Storm               Conj/Fire      12%        8d3       100%        9


Dungeon Overview and Level Annotations

Branches:
Dungeon (12/15)            Temple (1/1) D:5            Lair (2/5) D:10
  Swamp: Lair:2-3    Shoals: Lair:2-3     Snake: Lair:2-3    Spider: Lair:2-3
    Orc: D:9-12

Altars:
Ashenzari
Cheibriados
Dithmenos
Elyvilon
Fedhas
Gozag
Kikubaaqudgha
Makhleb
Nemelex Xobeh
Okawaru
Qazlal
Ru
Sif Muna
Trog
Uskayaw
Vehumet
Wu Jian
Xom
Yredelemnul
Zin
The Shining One

Shops:
D:9 *


Innate Abilities, Weirdness & Mutations

You have a beak for a mouth.
You have claws for feet.
Your magical nature lets you fly swiftly and evasively.


Message History

The ice encasing you melts away.
Casting: Airstrike (safe; 1% risk of failure)
Confirm with . or Enter, or press ? or * to list all spells.
Aiming: Airstrike (safe; 1% risk of failure)
Press: ? - help, Dir - move target, f/p - cane toad
Aim: a cane toad (moderately wounded, empty space bonus: 8/8)
You feel a surge of power!
The air twists around and strikes the cane toad.
The cane toad is heavily wounded.
You barely miss the cane toad.
The cane toad is heavily wounded.
The cane toad stings you but does no damage.
The cane toad barely misses you.
You closely miss the cane toad. Your kick misses the cane toad.
Your peck misses the cane toad.
The cane toad is heavily wounded.
The cane toad closely misses you.
You hit the cane toad.
You peck the cane toad, but do no damage.
The cane toad is heavily wounded.
The cane toad completely misses you.
You hit the cane toad but do no damage. You claw the cane toad.
You peck the cane toad, but do no damage.
The cane toad is heavily wounded.
The cane toad completely misses you. The cane toad closely misses you.
You barely miss the cane toad. You claw the cane toad.
The cane toad is heavily wounded.
The cane toad stings you!!
You closely miss the cane toad.
The cane toad is heavily wounded.
The cane toad closely misses you. The cane toad stings you!!
You hit the cane toad but do no damage. You claw the cane toad.
The cane toad is severely wounded.
The cane toad completely misses you.
You hit the cane toad. You claw the cane toad. Your peck misses the cane toad.
The cane toad is severely wounded.
The cane toad stings you!!
* * * LOW HITPOINT WARNING * * *
The cane toad stings you!
You die...

## ..# ..#
##########...##
##.#.##.#P.....#
#............†..
##...............
#...@F...........
##..~~~≈~........
#..~≈≈≈≈........
#..~≈≈≈~........
#..~~≈≈~........
#..~≈##~........
##..~≈#≈~.......
#...~≈≈≈~.......
##..~~≈≈≈.......


You could see a cane toad.

Vanquished Creatures
  2 two-headed ogres (D:10)
  A cyclops (D:9)
  An elephant (D:9)
  3 cane toads
  A gargoyle (D:10)
  A kobold demonologist (D:10)
  A rime drake (Lair:2)
  Psyche (D:9)
  A komodo dragon (Lair:1)
  Sigmund (D:3)
  4 yaks (D:10)
  A wraith (D:10)
  2 wyverns
  A basilisk (D:10)
  2 steam dragons
  An acid dragon (D:10)
  Duvessa (D:5)
  4 water moccasins
  4 orc warriors
  A black bear (D:10)
  3 ice beasts
  An ogre (D:10)
  5 centaurs
  2 phantoms
  A kobold brigand (D:10)
  Blork the orc (D:5)
  A necrophage (D:6)
  8 bullfrogs
  2 gnoll sergeants (D:7)
  4 scorpions
  Dowan (D:5)
  17 wights
  6 killer bees
  4 crimson imps (D:6)
  5 howler monkeys (D:9)
  7 hounds
  A gnoll bouda (D:4)
  3 orc priests
  10 iguanas
  10 orc wizards
  Robin (D:3)
  16 gnolls
  8 adders
  A shadow imp (D:8)
  A white imp (D:8)
  5 worms
  3 dart slugs
  45 orcs
  5 ball pythons
  4 endoplasms
  A giant cockroach (D:1)
  15 goblins
  16 hobgoblins
  5 jackals
  4 quokkas
  6 bats
  9 frilled lizards
  14 kobolds
  3 rats
288 creatures vanquished.

Vanquished Creatures (others)
  6 fungi
  20 plants
26 creatures vanquished.

Grand Total: 314 creatures vanquished

Notes
Turn   | Place    | Note
-------+----------+-------------------------------------------
     0 | D:1      | Essalna the Tengu Air Elementalist began the quest for the
                  | Orb.
     0 | D:1      | Reached XP level 1. HP: 10/10 MP: 4/4
   153 | D:1      | Reached XP level 2. HP: 16/16 MP: 1/6
   385 | D:1      | Reached skill level 1 in Fighting
   769 | D:1      | Reached XP level 3. HP: 20/20 MP: 3/7
  1367 | D:2      | Learned a level 2 spell: Static Discharge
  1497 | D:2      | Reached XP level 4. HP: 26/26 MP: 5/8
  1502 | D:2      | Learned a level 4 spell: Airstrike
  1552 | D:2      | Reached skill level 5 in Air Magic
  2328 | D:2      | Gained mutation: Your magical nature lets you fly swiftly
                  | and evasively. [Tengu growth]
  2328 | D:2      | Reached XP level 5. HP: 31/31 MP: 3/9
  2822 | D:3      | Noticed Sigmund
  2919 | D:3      | Killed Sigmund
  2920 | D:3      | Reached XP level 6. HP: 30/37 MP: 6/10
  3194 | D:3      | Noticed Robin
  3316 | D:3      | Killed Robin
  3317 | D:3      | Reached skill level 5 in Conjurations
  3961 | D:3      | Found a hide-covered altar of Uskayaw.
  3962 | D:3      | Found an opulent altar of Gozag.
  4045 | D:3      | Found a broken altar of Ashenzari.
  4298 | D:4      | Reached XP level 7. HP: 42/42 MP: 5/11
  4322 | D:4      | Identified a scroll of acquirement
  4322 | D:4      | Acquired a staff of air
  4360 | D:5      | Entered Level 5 of the Dungeon
  4642 | D:4      | Noticed a steam dragon
  4705 | D:4      | Found an ancient bone altar of Kikubaaqudgha.
  5047 | D:4      | Got the Papyrus of Conjuration
  5201 | D:4      | Found a glowing golden altar of the Shining One.
  5309 | D:5      | Reached XP level 8. HP: 22/48 MP: 3/12
  5563 | D:5      | Found a staircase to the Ecumenical Temple.
  5591 | Temple   | Entered the Ecumenical Temple
  5655 | Temple   | Became a worshipper of Vehumet
  5726 | D:5      | Reached skill level 5 in Fighting
  5899 | D:5      | Noticed Blork the orc
  5905 | D:5      | Killed Blork the orc
  6413 | D:5      | Noticed Duvessa
  6414 | D:5      | Noticed Dowan
  6420 | D:5      | Killed Dowan
  6547 | D:5      | Killed Duvessa
  6863 | D:6      | Reached XP level 9. HP: 52/55 MP: 1/13
  7034 | D:6      | Reached skill level 1 in Armour
  7210 | D:6      | Found a shimmering altar of Xom.
  7545 | D:6      | Reached * piety under Vehumet
  7545 | D:6      | Offered knowledge of Sandblast by Vehumet.
  7787 | D:6      | Learned a level 3 spell: Swiftness
  8013 | D:6      | Found a sparkling altar of Nemelex Xobeh.
  8169 | D:7      | Reached skill level 10 in Air Magic
  8505 | D:7      | Found a bloodstained altar of Trog.
  9749 | D:8      | Reached XP level 10. HP: 47/63 MP: 3/14
 10010 | D:8      | Found a stormy altar of Qazlal.
 10632 | D:8      | Reached skill level 10 in Conjurations
 10735 | D:8      | Found a shimmering blue altar of Sif Muna.
 10935 | D:8      | Got Sif Muna's Spellbook of the Assassin
 11121 | D:9      | Noticed Psyche
 11124 | D:9      | Killed Psyche
 11125 | D:9      | Reached skill level 5 in Dodging
 11371 | D:9      | Noticed a cyclops
 11399 | D:9      | Killed a cyclops
 11759 | D:9      | Reached ** piety under Vehumet
 11860 | D:9      | Offered knowledge of Poisonous Vapours by Vehumet.
 11863 | D:9      | Reached skill level 5 in Armour
 12216 | D:9      | Found Woemigefemn's Serpentskin Sales.
 12574 | D:10     | Entered Level 10 of the Dungeon
 12785 | D:10     | Offered knowledge of Hailstorm by Vehumet.
 13145 | D:10     | Found a snail-covered altar of Cheibriados.
 13435 | D:10     | Found a staircase to the Lair.
 13435 | D:10     | Noticed a gargoyle
 13436 | D:10     | Noticed an elephant
 13445 | D:10     | Killed a gargoyle
 13446 | D:10     | Reached XP level 11. HP: 68/68 MP: 6/15
 14004 | D:10     | Noticed a two-headed ogre
 14033 | D:10     | Killed a two-headed ogre
 14129 | D:10     | Reached *** piety under Vehumet
 14691 | D:10     | Noticed a two-headed ogre
 14703 | D:10     | Killed a two-headed ogre
 14838 | D:10     | Found an ornate altar of the Wu Jian Council.
 15216 | D:10     | Offered knowledge of Ignite Poison by Vehumet.
 15420 | Lair:1   | Entered Level 1 of the Lair of Beasts
 16176 | Lair:1   | Acquired a book of Lightning
 17185 | Lair:2   | Slain by a cane toad

Illustrated notes

Levels and vault maps discovered:
D:1:      minmay_arrival_four_houses, layout_basic
D:2:      layout_basic, minmay_misc_feat_plants
D:3:      layout_loops_ring, general_overflow_altar, minitemple,
          supply_closet_lemuel, uniq_sigmund, uniq_robin
D:4:      layout_rooms, mainiacjoe_overflow_concentric_impassable, tso_altar,
          nicolae_overflow_hidden_temple, lightli_corner_chamber
D:5:      layout_loops_cross, minmay_temple_entry_statues,
          minmay_increasing_density, uniq_edmund, uniq_blork_the_orc,
          uniq_duvessa
D:6:      layout_cave_pools, led_xom_imps, mainiacjoe_overflow_brackets,
          serial_rivers, chequers_serial_rivers_small_3,
          chequers_serial_rivers_micro_b, chequers_serial_rivers_room_b,
          chequers_serial_rivers_room_a, chequers_serial_rivers_marsh,
          chequers_serial_rivers_micro_a
D:7:      layout_loops_ring, trog_butcher_becter, kennysheep_generic_room_7
D:8:      layout_loops_corners, led_sif_book, nicolae_qazlal_style_of_elements
D:9:      layout_loops_ring, guppyfry_shop_venom, uniq_psyche
D:10:     minmay_evil_eye, layout_long_grid, cheibrodos_worm_habitat,
          nicolae_wu_jian_wuxing_cycle, david_lair_generic, special_room
          [special_room_orc], chequers_serial_rivers_micro_b,
          nicolae_eternal_life
D:11:     layout_rooms, serial_shops, shop, st_stairs_11
D:12:     layout_loops_ring, erik_orc_4
Temple:   kb_temple_of_zot
Lair:1:   layout_cave_shapes, eino_small_chamber_without_monster,
          infiniplex_staircase_pool
Lair:2:   layout_gridlike, minmay_snake_entry_guardpost_small, basic_altar,
          chequers_serial_rivers_micro_a, uniq_erica

Skill      XL: |  1  2  3  4  5  6  7  8  9 10 11 |
---------------+----------------------------------+-----
Conjurations   | 2 3 4 5 6 8 9 11 12 | 12.0
Fighting       | 1 2 3 4 6 7 8 9 |  9.0
Air Magic      | 5 6 7 9 10 11 12 | 12.6
Armour         | 3 5 7 |  7.1
Dodging        | 4 6 7 |  7.5
Stealth        | |  2.0
Spellcasting   | |  2.3

Action                   |  1- 3 |  4- 6 |  7- 9 | 10-12 || total
-------------------------+-------+-------+-------+-------++-------
Melee: Unarmed           |     4 |     1 |    10 |       ||    15
       Kick              |     2 |       |     7 |    18 ||    27
       Staff             |       |       |    24 |    41 ||    65
       Peck              |       |       |     2 |     8 ||    10
 Cast: Shock             |    62 |   141 |   218 |   273 ||   694
       Static Discharge  |       |     2 |    41 |    72 ||   115
       Airstrike         |       |       |    12 |    37 ||    49
  Use: Scroll            |       |     1 |     9 |     6 ||    16
       Potion            |       |       |     6 |     1 ||     7
Armor: Robe              |     2 |     1 |    23 |     1 ||    27
       Steam dragon scal |       |       |       |    17 ||    17
Dodge: Dodged            |     7 |     9 |   133 |   169 ||   318

Table legend: (Time is in decaauts)
 A = Elapsed time spent in this place.
 B = Non-inter-level travel time spent in this place.
 C = Inter-level travel time spent in this place.
 D = Time resting spent in this place.
 E = Time spent auto-exploring this place.
 F = Levels seen in this place.
 G = Mean time per level.
                   A        B        C        D        E       F      G
               +--------+--------+--------+--------+--------+-----+--------+
         Total |  16483 |  16137 |    346 |    972 |  13319 |  15 | 1098.9 |
       Dungeon |  14745 |  14446 |    299 |    972 |  11771 |  12 | 1228.8 |
        Temple |     85 |     61 |     24 |      0 |     50 |   1 |   85.0 |
          Lair |   1653 |   1631 |     22 |      0 |   1497 |   2 |  826.5 |
               +--------+--------+--------+--------+--------+-----+--------+

Top non-repeatable levels by time:
    D:10: 2311 daAuts
     D:9: 1660 daAuts
     D:5: 1487 daAuts
     D:6: 1446 daAuts
     D:1: 1432 daAuts
     D:8: 1429 daAuts
     D:2: 1428 daAuts
     D:7: 1390 daAuts
  Lair:1: 1287 daAuts
     D:3: 1104 daAuts
     D:4: 994 daAuts
  Lair:2: 365 daAuts
  Temple: 85 daAuts
    D:12: 38 daAuts
    D:11: 21 daAuts
